 Dungeon Crawl Stone Soup version 0.30-a0-141-g30f27751c5 (webtiles) character file.

Game seed: 2555475383786437465

71446 Flugkiller the Severer (level 15, -1/141 HPs)
             Began as a Hill Orc Berserker on Sept 25, 2022.
             Was the Champion of Uskayaw.
             Slain by a deep troll (3 damage)
             ... created by the rage of Trog
             ... on level 13 of the Dungeon.
             The game lasted 00:30:13 (24068 turns).

Flugkiller the Severer (Hill Orc Berserker)        Turns: 24068, Time: 00:30:14

Health: -1/141     AC: 34    Str: 21 (26) XL:     15   Next: 36%
Magic:  15/15      EV: 10    Int:  7      God:    Uskayaw [******]
Gold:   1245       SH:  0    Dex: 12      Spells: 14/14 levels left

rFire   . . .      SeeInvis .    H - +4 battleaxe (flame)
rCold   . . .      Faith    +    (shield currently unavailable)
rNeg    . . .      Spirit   .    U - +0 crystal plate armour
rPois   .          Reflect  .    (no helmet)
rElec   .          Harm     .    T - +2 cloak
rCorr   .          Rampage  .    A - +2 pair of gloves
Will    ++...                    y - +2 pair of boots
Stlth   ..........               G - amulet of faith
HPRegen 0.33/turn                m - ring of willpower
MPRegen 0.14/turn                v - +4 ring of evasion

@: about to teleport
A: no striking features
a: Renounce Religion, Stomp, Line Pass, Grand Finale


You were on level 13 of the Dungeon.
You worshipped Uskayaw.
Uskayaw was noncommittal.
You visited 3 branches of the dungeon, and saw 19 of its levels.
You also visited: Ice Cave and Volcano.

You collected 1487 gold pieces.
You spent 242 gold pieces at shops.

Inventory:

Hand Weapons
 c - a +0 broad axe of flaming
   (You took it off a red draconian in a volcano)
 H - a +4 battleaxe of flaming (weapon)
   (You acquired it on level 9 of the Dungeon)
Missiles
 s - 2 throwing nets
 B - 9 curare-tipped darts
 J - 6 silver boomerangs (quivered)
Armour
 o - a +0 kite shield
   (You took it off a gnoll sergeant on level 10 of the Dungeon)
 y - a +2 pair of boots (worn)
   (You found it on level 6 of the Dungeon)
 A - a +2 pair of gloves (worn)
   (You found it on level 6 of the Dungeon)
 T - a +2 cloak (worn)
   (You took it off a red draconian in a volcano)
 U - a +0 crystal plate armour (worn)
   (You found it on level 5 of the Lair of Beasts)
Jewellery
 b - a +6 ring of strength
   (You took it off a wight on level 10 of the Dungeon)
 i - a ring of see invisible
   (You found it on level 3 of the Dungeon)
 m - a ring of willpower (left hand)
   (You found it on level 3 of the Dungeon)
 p - a ring of protection from fire
   (You found it on level 9 of the Dungeon)
 v - a +4 ring of evasion (right hand)
   (You found it on level 7 of the Dungeon)
 G - an amulet of faith (around neck)
   (You found it on level 8 of the Dungeon)
 M - a ring of willpower
   (You found it in an ice cave)
 S - a ring of protection from cold
   (You found it in an ice cave)
Wands
 D - a wand of mindburst (13)
   (You found it on level 7 of the Dungeon)
 F - a wand of roots (6)
   (You found it on level 6 of the Dungeon)
 I - a wand of charming (5)
   (You found it on level 11 of the Dungeon)
 L - a wand of flame (47)
   (You found it on level 5 of the Dungeon)
 P - a wand of polymorph (19)
   (You found it on level 11 of the Dungeon)
Scrolls
 e - 5 scrolls of torment
 f - 3 scrolls of immolation
 j - 3 scrolls of butterflies
 k - 2 scrolls of vulnerability
 r - 2 scrolls of identify
 t - 5 scrolls of teleportation
 u - 3 scrolls of poison
 x - 3 scrolls of magic mapping
 z - 6 scrolls of blinking
 K - 4 scrolls of enchant armour
 N - 5 scrolls of fear
 O - 3 scrolls of enchant weapon
 Q - 2 scrolls of summoning
Potions
 d - 4 potions of might
 g - 2 potions of flight
 h - 4 potions of haste
 l - a potion of lignification
 n - 3 potions of attraction
 q - 10 potions of curing
 w - 4 potions of heal wounds
 E - 3 potions of ambrosia
 R - 2 potions of berserk rage
 V - a potion of cancellation
Miscellaneous
 a - a phantom mirror (inert)
   (You found it on level 4 of the Lair of Beasts)
 C - a box of beasts
   (You found it on level 5 of the Lair of Beasts)


   Skills:
 - Level 15.0 Fighting
 - Level 19.7(20.0) Axes
 - Level 4.6(11.9) Polearms
 - Level 15.0 Armour
 + Level 6.2 Dodging
 - Level 10.0 Evocations


You had 14 spell levels left.
You didn't know any spells.
Your spell library contained the following spells:

 Spells                   Type           Power      Damage    Failure   Level
 Sandblast                Erth           0%         2d4       100%        1
 Passwall                 Tmut/Erth      0%         N/A       100%        2
 Stone Arrow              Conj/Erth      0%         3d7       100%        3


Dungeon Overview and Level Annotations

Branches:
Dungeon (13/15) Zot: 26869  Temple (1/1) D:7 Zot: 5833    Lair (5/5) D:11 Zot: 23868
 Shoals (0/4) Lair:2       Spider (0/4) Lair:2        Slime (0/5) Lair:5
    Orc (0/2) D:9           IceCv (visited)         Volcano (visited)
 Vaults: D:13-14

Altars:
Ashenzari
Cheibriados
Dithmenos
Elyvilon
Fedhas
Gozag
Hepliaklqana
Kikubaaqudgha
Makhleb
Nemelex Xobeh
Okawaru
Qazlal
Ru
Sif Muna
Uskayaw
Vehumet
Wu Jian
Xom
Zin
Jiyva

Shops:
D:4 =   D:7 *   D:9 ??   D:10 [

Annotations:
D:3 3 runed translucent doors
D:6 3 runed translucent doors, askman's ghost, novice DsFi
Lair:2 2 transporters, Zinus's ghost, journeyman OpAE
Lair:3 2 transporters
Lair:5 1 runed translucent door


Message History

The deep elf pyromancer casts a spell.
Send 'em back where they came from!
Your storm dragon shimmers and vanishes!
Your Dodging skill increases to level 6!
You slash the gargoyle! You burn the gargoyle.
The gargoyle is heavily damaged.
The gargoyle closely misses you.
Uskayaw prepares the audience for your solo!
The helpless gargoyle fails to defend itself.
You slash the gargoyle! You burn the gargoyle.
The gargoyle is almost destroyed.
The helpless gargoyle fails to defend itself.
You slash the gargoyle! You burn the gargoyle.
You destroy the gargoyle!
The deep elf pyromancer is no longer paralysed.
The deep elf pyromancer gestures at you while chanting.
The bolt of fire hits you!! Trog sends monsters to punish you.
The divine experience confuses you!
You are confused.
A troll, an ogre, a deep troll and a black bear come into view.
You feel better.
You closely miss the deep elf pyromancer.
The deep elf pyromancer is lightly wounded.
You slice the black bear!! You burn the black bear.
The deep elf pyromancer casts a spell.
The deep elf pyromancer blinks!
The black bear barely misses you.
The black bear claws you but does no damage.
The black bear barely misses you.
The troll is engulfed in a forest fire.
The ogre is engulfed in a forest fire.
You barely miss the black bear.
The black bear is heavily wounded.
You slice the troll!! You burn the troll. You slash the ogre!
You burn the ogre.
The troll is engulfed in blazing flames.
The troll bites you!!
The troll claws you but does no damage. x2
The ogre is engulfed in blazing flames.
The ogre dies!
The black bear barely misses you.
The black bear claws you but does no damage.
The black bear claws you.
You are too injured to fight recklessly!
You are too injured to fight recklessly!
You slice the troll!! You burn the troll.
You kill the troll!
That felt strangely unrewarding.
You hit the black bear. You burn the black bear. You hit the deep troll.
You burn the deep troll.
The deep elf pyromancer gestures wildly while chanting.
The deep elf pyromancer blinks!
A human comes into view.
The deep troll barely misses you.
The deep troll claws you but does no damage. x2
The black bear bites you but does no damage.
The black bear claws you but does no damage.
The black bear barely misses you.
You completely miss the black bear.
The black bear is heavily wounded.
You barely miss the deep troll.
A yaktaur comes into view.
The deep troll bites you!!
The deep troll claws you but does no damage. x2
The black bear bites you but does no damage.
The black bear claws you but does no damage. x2
You slash the deep troll! You burn the deep troll.
The deep troll is lightly wounded.
You slash the black bear! You burn the black bear. The deep troll bites you.
* * * LOW HITPOINT WARNING * * *
The deep troll claws you but does no damage. x2
The black bear bites you but does no damage.
The black bear closely misses you.
The black bear claws you but does no damage.
The black bear attacks as you move away!
The black bear barely misses you. x2
The black bear claws you but does no damage.
The black bear rages.
The black bear is engulfed in blazing flames.
The black bear dies!
The deep troll bites you but does no damage.
The deep troll barely misses you.
The deep troll claws you but does no damage.
As you read the scroll of teleportation, it crumbles to dust.
You feel strangely unstable. The deep troll bites you!!
* * * LOW HITPOINT WARNING * * *
The deep troll claws you.
* * * LOW HITPOINT WARNING * * *
The deep troll closely misses you.
Unknown command.
You feel much better. The deep troll barely misses you.
The deep troll claws you but does no damage. x2
The deep troll bites you but does no damage.
The deep troll claws you!
* * * LOW HITPOINT WARNING * * *
The deep troll claws you but does no damage.
Uskayaw prepares the audience for your solo!
The helpless deep troll fails to defend itself.
You slice the deep troll!! You burn the deep troll.
The deep troll is heavily wounded.
The deep troll is no longer paralysed.
The deep troll bites you!!
* * * LOW HITPOINT WARNING * * *
The deep troll claws you.
You die...

~ .♣ .♣
.♣♣♣♣♣♣ ♣.
♣...PPP
#♣.♣ ♣#
#..P~P #..
.# #..PPP
#.♣♣♣.#
.....
#@....#
...
#♣T§.♣#
#.♣#.§#§.#
♣†).#⌠#.#
#.♣#..#..#
...
#♣.♣.♣#
..c..
#..♣..#


#.ePPP #.♣♣♣.# #..P~P #..♣..# You could see a deep troll (berserk).

Vanquished Creatures
  A storm dragon (D:13)
  The ghost of Leh Pisuorgh the Nimble, a journeyman TeAE of Vehumet (Lair:5)
  A red draconian (Volcano)
  A white draconian (IceCv)
  3 dire elephants (Lair:5)
  3 catoblepae
  3 hydras
  5 two-headed ogres
  An ogre mage (Volcano)
  2 boulder beetles (D:11)
  A tengu warrior (D:10)
  A death yak (Lair:5)
  Urug (Lair:4)
  Sonja (Lair:1)
  Amaemon (Lair:1)
  A spectral death yak (Lair:5)
  A spectral anaconda (Lair:5)
  An obsidian statue (Lair:5)
  3 lindwurms
  4 necromancers (Lair:5)
  2 manticores
  An ugly thing (D:11)
  2 cyclopes
  A dire elephant zombie (Lair:5)
  2 black mambas
  20 elephants
  2 ice statues (IceCv)
  An orange demon (Lair:1)
  3 gargoyles
  A dire elephant skeleton (Lair:5)
  2 molten gargoyles (Volcano)
  A torpor snail (Lair:5)
  11 cane toads
  Maggie (D:7)
  2 kobold demonologists
  8 komodo dragons
  6 rime drakes
  8 trolls
  2 polar bears
  3 hornets (D:10)
  8 blink frogs
  7 dream sheep (Lair:5)
  A slime creature (D:13)
  A blink frog (shapeshifter) (D:13)
  A jumping spider (Lair:2)
  71 yaks
  A fire bat (Volcano)
  4 vampires
  3 wyverns
  A shadow (D:9)
  4 steam dragons
  2 wraiths
  6 basilisks
  3 spectral cane toads (Lair:5)
  A redback (Lair:2)
  14 water moccasins
  2 elephant zombies (Lair:5)
  2 hell hounds (Lair:5)
  5 orc warriors
  2 ice beasts (D:8)
  A sky beast (D:8)
  2 black bears
  3 ogres
  12 centaurs
  13 wolves (Lair:1)
  An elephant skeleton (Lair:5)
  A phantom (D:9)
  Blork the orc (D:5)
  17 kobold brigands
  19 bullfrogs
  3 gnoll sergeants
  A necrophage (D:4)
  4 scorpions
  10 wights
  3 troll zombies (D:9)
  8 killer bees
  3 elephant simulacra (Lair:5)
  3 lindwurm simulacra (IceCv)
  2 howler monkeys
  5 lava snakes (Volcano)
  9 komodo dragon simulacra (IceCv)
  6 jellies
  A gnoll bouda (D:9)
  5 hounds
  3 orc priests
  4 iguanas
  Ijyb (D:3)
  10 orc wizards
  5 ogre zombies (D:9)
  23 gnolls
  4 acid dragon simulacra (IceCv)
  9 adders
  2 shadow imps (D:6)
  15 white imps
  5 steam dragon simulacra (IceCv)
  3 worms
  A dart slug (D:2)
  23 orcs
  5 ball pythons
  6 endoplasms
  3 giant cockroaches
  8 goblins
  8 hobgoblins
  13 jackals (D:1)
  45 kobolds
  4 quokkas
  6 bats
  5 frilled lizards
  A goblin skeleton (D:9)
  2 goblin zombies (D:9)
  A hobgoblin skeleton (D:9)
  3 hobgoblin zombies (D:9)
  2 orc skeletons (D:9)
  16 orc zombies (D:9)
  5 rats
  A butterfly (Lair:3)
629 creatures vanquished.

Vanquished Creatures (others)
  An unseen horror (D:13)
  A black bear (D:13)
  An ogre (D:13)
  A wight (D:10)
  11 fungi
  46 plants
  24 withered plants (Lair:5)
85 creatures vanquished.

Grand Total: 714 creatures vanquished

Notes
Turn   | Place    | Note
-------+----------+-------------------------------------------
     0 | D:1      | Flugkiller the Hill Orc Berserker began the quest for the
                  | Orb.
     0 | D:1      | Reached XP level 1. HP: 19/19 MP: 1/1
   304 | D:1      | Reached XP level 2. HP: 27/27 MP: 2/2
   593 | D:1      | Reached XP level 3. HP: 10/33 MP: 3/3
  1210 | D:1      | Reached ** piety under Trog
  1629 | D:2      | Reached XP level 4. HP: 30/40 MP: 4/4
  2132 | D:2      | Reached skill level 5 in Axes
  2132 | D:2      | Reached XP level 5. HP: 36/47 MP: 5/5
  3105 | D:3      | Found a runed translucent gate.
  3105 | D:3      | Found a runed translucent gate.
  3105 | D:3      | Found a runed translucent gate.
  3123 | D:3      | Found a broken altar of Ashenzari.
  3533 | D:3      | Reached XP level 6. HP: 46/55 MP: 6/6
  3609 | D:4      | Noticed Ijyb
  3617 | D:4      | Reached skill level 5 in Fighting
  3623 | D:3      | Killed Ijyb
  4142 | D:4      | Reached skill level 6 in Axes
  4228 | D:4      | Found a snail-covered altar of Cheibriados.
  4259 | D:4      | Found Baheom's Jewellery Shoppe.
  4278 | D:4      | Reached XP level 7. HP: 59/62 MP: 7/7
  4973 | D:5      | Entered Level 5 of the Dungeon
  5064 | D:5      | Reached skill level 5 in Armour
  5134 | D:5      | Reached skill level 7 in Axes
  5562 | D:5      | Noticed Blork the orc
  5574 | D:5      | Killed Blork the orc
  5575 | D:5      | Reached XP level 8. HP: 71/71 MP: 8/8
  6461 | D:6      | Reached skill level 8 in Axes
  6983 | D:6      | Noticed a yak
  6983 | D:6      | Noticed a yak
  6983 | D:6      | Noticed a yak
  6983 | D:6      | Noticed a yak
  6983 | D:6      | Noticed a yak
  7001 | D:6      | Killed a yak
  7009 | D:6      | Killed a yak
  7010 | D:6      | Reached skill level 9 in Axes
  7010 | D:6      | Reached XP level 9. HP: 81/81 MP: 9/9
  7704 | D:6      | Reached skill level 10 in Axes
  8017 | D:6      | Found a runed translucent gate.
  8017 | D:6      | Found a runed translucent gate.
  8027 | D:6      | Found an opulent altar of Gozag.
  8028 | D:6      | Found a runed translucent gate.
  8046 | D:6      | Noticed askman's ghost (novice DsFi)
  8266 | D:7      | Reached skill level 1 in Evocations
  8404 | D:7      | Found a staircase to the Ecumenical Temple.
  8437 | D:7      | Found a radiant altar of Vehumet.
  8449 | D:7      | Found an ancient bone altar of Kikubaaqudgha.
  8465 | D:7      | Found a shimmering blue altar of Sif Muna.
  8505 | D:7      | Found Ofaqam's Elemental Accessories.
  8701 | D:7      | Bought a scroll of fear for 64 gold pieces
  8739 | D:7      | Found an opulent altar of Gozag.
  8871 | D:7      | Noticed Maggie
  8886 | D:7      | Killed Maggie
  8887 | D:7      | Reached skill level 5 in Evocations
  8887 | D:7      | Reached XP level 10. HP: 50/91 MP: 10/10
  9376 | D:8      | Noticed a kobold demonologist
  9392 | D:8      | Killed a kobold demonologist
  9393 | D:8      | Reached skill level 10 in Fighting
  9538 | D:8      | Found a sparkling altar of Nemelex Xobeh.
 10553 | D:8      | Reached skill level 10 in Armour
 10799 | D:8      | Reached XP level 11. HP: 22/102 MP: 11/11
 11417 | D:9      | Reached skill level 1 in Polearms
 11420 | D:9      | Reached *** piety under Trog
 12215 | D:9      | Found Motas's Magic Scroll Emporium.
 12223 | D:9      | Bought a scroll of identify for 24 gold pieces
 12223 | D:9      | Bought a scroll of identify for 24 gold pieces
 12224 | D:9      | Identified a scroll of acquirement
 12225 | D:9      | Acquired a +3 battleaxe of flaming
 12324 | D:9      | Found Zehajim's Magic Scroll Emporium.
 12333 | D:9      | Found a staircase to the Orcish Mines.
 12356 | D:9      | Reached **** piety under Trog
 12371 | D:9      | Reached skill level 11 in Axes
 12374 | D:9      | You fall into a shaft and drop 2 floors!
 12445 | D:11     | Noticed a white ugly thing
 12447 | D:11     | Noticed a boulder beetle
 12456 | D:11     | Killed a white ugly thing
 12457 | D:11     | Reached skill level 12 in Axes
 12458 | D:11     | Noticed a boulder beetle
 12467 | D:10     | Entered Level 10 of the Dungeon
 12897 | D:10     | Noticed a two-headed ogre
 12910 | D:10     | Killed a two-headed ogre
 12911 | D:10     | Reached skill level 13 in Axes
 13139 | D:10     | Paralysed by a hornet for 3 turns
 13396 | D:10     | Found a stormy altar of Qazlal.
 13538 | D:10     | Found Venyobet's Armour Boutique.
 13574 | D:10     | Found an iron altar of Okawaru.
 13575 | D:10     | Found a shadowy altar of Dithmenos.
 13577 | D:10     | Found a burning altar of Makhleb.
 13577 | D:10     | Found a hazy altar of Hepliaklqana.
 13645 | D:10     | Reached XP level 12. HP: 113/113 MP: 12/12
 13933 | D:10     | Identified the +8 trident "Xosothubb" {vorpal, Fly Dex+4}
 14301 | D:10     | Reached skill level 14 in Axes
 14420 | D:10     | Noticed a tengu warrior
 14433 | D:10     | Killed a tengu warrior
 14867 | D:9      | Bought a scroll of fear for 52 gold pieces
 14867 | D:9      | Bought a scroll of identify for 26 gold pieces
 14867 | D:9      | Bought a scroll of identify for 26 gold pieces
 14867 | D:9      | Bought a scroll of identify for 26 gold pieces
 14947 | D:9      | Reached skill level 15 in Axes
 15221 | D:11     | Killed a boulder beetle
 15235 | D:11     | Reached skill level 16 in Axes
 15383 | D:11     | Found a staircase to the Lair.
 15444 | D:11     | Killed a boulder beetle
 15523 | Lair:1   | Entered Level 1 of the Lair of Beasts
 15650 | Lair:1   | Noticed Sonja
 15652 | Lair:1   | Killed Sonja
 15659 | Lair:1   | Reached ***** piety under Trog
 15661 | Lair:1   | Reached skill level 17 in Axes
 15666 | Lair:1   | Noticed Amaemon
 15673 | Lair:1   | Killed Amaemon
 15707 | Lair:1   | Noticed a catoblepas
 16038 | Lair:1   | Reached XP level 13. HP: 92/122 MP: 13/13
 16040 | Lair:1   | Reached skill level 18 in Axes
 16506 | Lair:1   | Reached skill level 19 in Axes
 17014 | Lair:2   | Found a hole to the Spider Nest.
 17030 | Lair:2   | Found a staircase to the Shoals.
 17138 | Lair:2   | Noticed Zinus's ghost (journeyman OpAE)
 17168 | Lair:2   | Found a transporter.
 17300 | Lair:2   | Identified the +7 sling "Grim" {venom, rF- Int+4 Dex+6
                  | SInv}
 17589 | Lair:2   | Found a transporter.
 18347 | Lair:3   | Found a transporter.
 18348 | Lair:3   | Found a transporter.
 19158 | Lair:4   | Reached XP level 14. HP: 105/133 MP: 14/14
 19288 | Lair:4   | Noticed Urug
 19298 | Lair:4   | Killed Urug
 19299 | Lair:4   | Reached skill level 15 in Fighting
 19319 | Lair:4   | Reached ****** piety under Trog
 19321 | Lair:4   | Found a frozen archway.
 19330 | IceCv    | Entered an ice cave
 19712 | IceCv    | Received a gift from Trog
 19747 | IceCv    | Noticed a white draconian
 19776 | IceCv    | Killed a white draconian
 20397 | Lair:5   | Entered Level 5 of the Lair of Beasts
 20397 | Lair:5   | Noticed Leh Pisuorgh's ghost (journeyman TeAE)
 20397 | Lair:5   | Found a runed translucent door.
 20518 | Lair:5   | Found a runed translucent door.
 20518 | Lair:5   | Found a viscous altar of Jiyva.
 20518 | Lair:5   | Noticed an acid blob
 20519 | Lair:5   | Found a staircase to the Slime Pits.
 20519 | Lair:5   | Noticed an acid blob
 20519 | Lair:5   | Noticed an acid blob
 20738 | Lair:5   | Found a dark tunnel.
 20755 | Volcano  | Entered a volcano
 21111 | Volcano  | Found a burning altar of Makhleb.
 21157 | Volcano  | Noticed a red draconian
 21168 | Volcano  | Killed a red draconian
 21237 | Volcano  | Reached skill level 10 in Evocations
 21613 | Lair:5   | Noticed a dire elephant
 21613 | Lair:5   | Noticed a dire elephant
 21618 | Lair:5   | Noticed a dire elephant
 21881 | Lair:5   | Received a gift from Trog
 22085 | Lair:5   | Killed a dire elephant
 22093 | Lair:5   | Killed a dire elephant
 22151 | Lair:5   | Reached XP level 15. HP: 137/141 MP: 15/15
 22163 | Lair:5   | Reached skill level 15 in Armour
 22762 | Lair:5   | Killed Leh Pisuorgh's ghost
 22992 | Temple   | Entered the Ecumenical Temple
 23145 | Temple   | Fell from the grace of Trog
 23145 | Temple   | Became a worshipper of Uskayaw the Reveller
 23221 | D:12     | Reached * piety under Uskayaw
 23287 | D:12     | Reached ** piety under Uskayaw
 23288 | D:12     | Reached skill level 5 in Dodging
 23345 | D:12     | Reached *** piety under Uskayaw
 23387 | D:12     | Reached **** piety under Uskayaw
 23515 | D:12     | Identified the +6 trident "Buoduippogh" {drain, Dex+6}
 24037 | D:13     | Noticed a storm dragon
 24053 | D:13     | Reached ***** piety under Uskayaw
 24054 | D:13     | Killed a storm dragon
 24059 | D:13     | Reached ****** piety under Uskayaw
 24068 | D:13     | HP: 2/141 [deep troll[the rage of Trog] (21)]
 24068 | D:13     | Slain by a deep troll

Illustrated notes

Levels and vault maps discovered:
D:1:      sevenhm_arrival_forest_fort_large_2, layout_loops_corners
D:2:      minmay_recursive_quarters, layout_basic
D:3:      layout_basic, ashenzari_altar_1, gammafunk_ghost_icy
D:4:      layout_cave_pods, cheibriados_altar_1, minmay_misc_feat_four_crosses,
          minmay_misc_feat_pillars, nicolae_wooded_promenade,
          kennysheep_doodads, uniq_ijyb
D:5:      layout_basic, corexii_corridor_pit, kennysheep_generic_room_9,
          uniq_blork_the_orc
D:6:      layout_basic, ebering_ghost_gozag
D:7:      layout_rooms, palyth_temple_overflow_mages,
          nicolae_overflow_crystal_walls, minmay_temple_entry_gardened_gates,
          grunt_ministairs_2, chequers_serial_rivers_marsh,
          hangedman_decor_peaks_small, nicolae_elemental_shop, uniq_maggie
D:8:      layout_rooms, nemelex_diamond_rough_becter, special_room
          [special_room_kobold], nicolae_wwwww, kennysheep_kite_vault
D:9:      layout_irregular_city, zombieorc2_lemuel, serial_shops, shop_statue,
          shop_scrolls
D:10:     minmay_quarter_circles, layout_basic,
          nicolae_qazlal_general_emergency,
          chequers_temple_overflow_statue_of_worship, minmay_shop_grid_forest
D:11:     layout_rooms, dpeg_oklobed_lair
D:12:     layout_irregular_city
D:13:     nzn_winding_woodlands_stair_trap [nzn_winding_woodlands_5x15_pool,
          nzn_winding_woodlands_5x15_sidewinder,
          nzn_winding_woodlands_5x15_cabin,
          nzn_winding_woodlands_15x15_five_gardens,
          nzn_winding_woodlands_5x15_twine,
          nzn_winding_woodlands_5x15_concentric,
          nzn_winding_woodlands_5x15_lazy_stream], layout_basic, david_vaults_1,
          interstate_on_off, uniq_kirke
Temple:   dpeg_chambers_temple
Lair:1:   layout_long_grid, grunt_forest_small_clearing_treed, uniq_sonja,
          uniq_amaemon
Lair:2:   layout_regular_city, minmay_shoals_entry_centaurs,
          spider_nest_entry_a, gammafunk_ghost_arena
Lair:3:   gammafunk_boulding_lane, layout_chaotic_city, grunt_megastairs_4,
          lemuel_fruit_fields
Lair:4:   layout_roguey, portal_ice_cave_entry_imps,
          chequers_serial_rivers_small_a, uniq_urug
Lair:5:   due_jungle_book, layout_cave_shapes, slime_entry_2, enter_volcano_3,
          hellmonk_ghost_happy_afterlife, st_stairs_12, serial_bayou_crossing

Skill      XL: |  1  2  3  4  5  6  7  8  9 10 11 12 13 14 15 |
---------------+----------------------------------------------+-----
Fighting       | 4 5 6 8 9 11 12 13 14 15 | 15.0
Dodging        | 2 6 |  6.2
Armour         | 3 4 5 7 8 11 14 15 | 15.0
Axes           | 5 6 7 9 10 13 17 19 | 19.7
Evocations     | 5 6 7 10 | 10.0
Polearms       | 4 |  4.6

Action                   |  1- 3 |  4- 6 |  7- 9 | 10-12 | 13-15 || total
-------------------------+-------+-------+-------+-------+-------++-------
Melee: Hand axe          |   123 |   139 |   299 |   327 |       ||   888
       Punch             |       |     3 |     2 |     5 |       ||    10
       Battleaxe         |       |       |       |   298 |   664 ||   962
       Halberd           |       |       |       |   107 |       ||   107
Invok: Berserk           |     4 |    11 |    27 |    22 |    12 ||    76
       Trog's Hand       |       |     1 |     1 |     2 |     2 ||     6
Evoke: Wand              |       |     1 |     8 |     5 |     1 ||    15
       Phantom mirror    |       |       |       |       |     1 ||     1
  Use: Scroll            |       |     6 |     8 |    16 |     6 ||    36
       Potion            |       |       |     1 |     1 |     3 ||     5
 Stab: Sleeping          |     2 |       |       |       |       ||     2
       Invisible         |       |       |       |       |     5 ||     5
       Paralysed         |       |       |       |       |    10 ||    10
Armor: Animal skin       |    23 |    11 |       |       |       ||    34
       Chain mail        |       |    46 |   131 |   299 |       ||   476
       Plate armour      |       |       |       |   183 |   241 ||   424
       Crystal plate arm |       |       |       |       |   121 ||   121
Dodge: Dodged            |    74 |    83 |   115 |   504 |   282 ||  1058

Table legend: (Time is in decaauts)
 A = Elapsed time spent in this place.
 B = Non-inter-level travel time spent in this place.
 C = Inter-level travel time spent in this place.
 D = Time resting spent in this place.
 E = Time spent auto-exploring this place.
 F = Levels seen in this place.
 G = Mean time per level.
                   A        B        C        D        E       F      G
               +--------+--------+--------+--------+--------+-----+--------+
         Total |  24602 |  23561 |   1041 |   8787 |  10277 |  21 | 1171.5 |
       Dungeon |  17080 |  16408 |    672 |   6451 |   7169 |  13 | 1313.8 |
        Temple |    166 |    129 |     37 |      0 |    121 |   1 |  166.0 |
          Lair |   6131 |   5800 |    331 |   1893 |   2642 |   5 | 1226.2 |
      Ice Cave |    564 |    564 |      0 |    206 |    143 |   1 |  564.0 |
       Volcano |    660 |    660 |      0 |    236 |    201 |   1 |  660.0 |
               +--------+--------+--------+--------+--------+-----+--------+

Top non-repeatable levels by time:
    D:10: 2485 daAuts
     D:8: 2062 daAuts
     D:6: 1910 daAuts
  Lair:5: 1748 daAuts
     D:5: 1654 daAuts
     D:1: 1545 daAuts
  Lair:1: 1489 daAuts
     D:2: 1356 daAuts
     D:3: 1294 daAuts
  Lair:2: 1289 daAuts
     D:7: 1218 daAuts
     D:9: 1117 daAuts
     D:4: 1044 daAuts
  Lair:3: 837 daAuts
  Lair:4: 767 daAuts
